 Dungeon Crawl Stone Soup version 0.29.1-2-gbd0b4ee654 (webtiles) character file.

Game seed: 14049119204126035079

2557 cdecastro the Spear-Bearer (level 9, 0/62 (71) HPs)
             Began as a Merfolk Gladiator on Nov 13, 2022.
             Was an Elder of Fedhas.
             Slain by a raiju (6 damage)
             ... on level 1 of the Abyss.
             The game lasted 00:11:38 (6982 turns).

cdecastro the Spear-Bearer (Merfolk Gladiator)      Turns: 6982, Time: 00:11:39

HP:   0/62 (71)     AC:  9    Str: 18      XL:     9   Next: 56%
MP:   9/9           EV: 12    Int:  7 (8)  God:    Fedhas [****..]
Gold: 464           SH:  0    Dex: 15      Spells: 8/8 levels left

rFire   + . .      SeeInvis +   a - +0 trident
rCold   . . .      Faith    .   (no shield)
rNeg    . . .      Spirit   .   D - +2 ring mail {rPois}
rPois   +          Reflect  .   c - +0 helmet
rElec   .          Harm     .   (no cloak)
rCorr   .          Rampage  .   (no gloves)
Will    .....                   s - +0 pair of boots
Stlth   +.........              (no amulet)
HPRegen 0.20/turn               F - ring of protection from fire
MPRegen 0.11/turn               B - ring of see invisible

@: heavily drained
A: (nimble swimmer 2), mertail, frail 1
a: Renounce Religion, Wall of Briars, Grow Ballistomycete, Overgrow


You were on level 1 of the Abyss.
You worshipped Fedhas.
Fedhas was greatly pleased with you.
You visited 1 branch of the dungeon, and saw 8 of its levels.
You visited the Abyss 1 time.

You collected 464 gold pieces.

Inventory:

Hand Weapons
 a - a +0 trident (weapon)
 b - a +0 hand axe of venom
Missiles
 d - 3 throwing nets (quivered)
 e - a javelin
 f - 78 stones
 k - 17 poisoned darts
 o - 11 boomerangs
Armour
 c - a +0 helmet (worn)
 s - a +0 pair of boots (worn)
 D - a +2 ring mail of poison resistance (worn)
Magical Staves
 t - a staff of fire
Jewellery
 j - a ring of poison resistance
 B - a ring of see invisible (right hand)
 F - a ring of protection from fire (left hand)
Wands
 E - a wand of flame (18)
Scrolls
 g - a scroll of immolation {unknown}
 h - a scroll of blinking {unknown}
 i - a scroll of fog {unknown}
 l - a scroll of enchant weapon {unknown}
 m - 6 scrolls of identify {unknown}
 p - 3 scrolls of poison {unknown}
 v - a scroll of torment {unknown}
 w - 3 scrolls of teleportation {unknown}
 y - 2 scrolls of fear {unknown}
 z - a scroll of enchant armour {unknown}
Potions
 n - 3 potions of heal wounds {unknown}
 q - a potion of berserk rage {unknown}
 r - 2 potions of mutation {unknown}
 u - 2 potions of degeneration {unknown}
 x - 2 potions of curing {unknown}
 A - a potion of flight {unknown}
 C - a potion of magic {unknown}
 G - a potion of ambrosia {unknown}


   Skills:
 + Level 10.3 Fighting
 - Level 12.0 Polearms
 - Level 2.0 Throwing
 - Level 4.0 Dodging


You had 8 spell levels left.
You didn't know any spells.
Your spell library contained the following spells:

 Spells                   Type           Power      Damage    Failure   Level
 Sandblast                Erth           0%         2d4       63%         1
 Slow                     Hex            0%         N/A       63%         1
 Ensorcelled Hibernation  Hex/Ice        0%         N/A       77%         2
 Passwall                 Tmut/Erth      0%         N/A       77%         2
 Confusing Touch          Hex            0%         N/A       94%         3
 Portal Projectile        Hex/Tloc       0%         N/A       94%         3
 Spider Form              Tmut/Pois      0%         N/A       94%         3
 Stone Arrow              Conj/Erth      0%         3d7       94%         3
 Tukima's Dance           Hex            0%         N/A       94%         3
 Vampiric Draining        Necr           0%         2d6       94%         3
 Anguish                  Hex/Necr       0%         N/A       100%        4
 Blade Hands              Tmut           0%         N/A       100%        5


Dungeon Overview and Level Annotations

Branches:
Dungeon (8/15)             Temple (0/1) D:6
   Lair: D:8-11

Altars:
Ashenzari
Fedhas
Kikubaaqudgha
Qazlal
Trog
Xom


Innate Abilities, Weirdness & Mutations

((You are very nimble when in or above water. (Stealth+, EV+, Speed+++)))
Your lower body shifts to a powerful aquatic tail in water.
You are frail. (-10% HP)


Message History

The living lightning misses you.
The raiju blinks! x2
The wight hits you but does no damage.
You closely miss the wight. You closely miss the wight.
Your punch misses the wight. The wight misses you.
The raiju bursts into living lightning!
The living lightning hits you.
The raiju blinks!
A lorocyproca comes into view.
Unknown command.
The lorocyproca gives a chilling moan.
You puncture the wight!
The wight is severely damaged.
The wight hits you with a +3 halberd of freezing.
You feel drained. The wight freezes you. The raiju misses you.
Unknown command.
You hit the wight.
The wight is almost destroyed.
Unknown command.
Unknown command.
You completely miss the wight.
The wight is almost destroyed.
The wight hits you with a +3 halberd of freezing!
You feel drained. The wight freezes you.
A raiju comes into view.
The raiju bites you. The raiju shocks you!
* * * LOW HITPOINT WARNING * * *
You barely miss the wight.
The wight is almost destroyed.
The wight hits you with a +3 halberd of freezing!
* * * LOW HITPOINT WARNING * * *
You feel drained.
* * * LOW HITPOINT WARNING * * *
The wight freezes you.
* * * LOW HITPOINT WARNING * * *
The raiju bites you but does no damage.
The smoke demon hits you but does no damage. x3
You hit the wight but do no damage.
The wight is severely damaged.
The raiju bites you.
You die...
Fedhas appreciates your contribution to the ecosystem.

... #.. ..#
..# .. ##
#2## .#
#hz#.# .#.
##@.#....
#...3.###
#..###.....
. .....##
..h...
....###
_..#. .#.
..... #
.##. .. .


You could see a lorocyproca (invisible), a smoke demon, 2 raiju and a wight.

Vanquished Creatures
  A hornet (D:6)
  A neqoxec (Abyss:1)
  Menkaure (D:6)
  A water moccasin (D:6)
  An ice beast (D:5)
  2 black bears
  A phantom (D:5)
  7 bullfrogs
  2 necrophages
  A scorpion (D:6)
  A wight (D:8)
  7 howler monkeys (D:7)
  3 jellies
  3 orc priests
  7 hounds
  3 iguanas
  2 orc wizards (D:4)
  3 gnolls (D:3)
  6 adders
  An ufetubus (D:6)
  3 worms
  3 dart slugs
  14 orcs
  7 bats
  8 endoplasms
  6 giant cockroaches
  5 goblins
  7 hobgoblins
  3 quokkas
  6 ball pythons
  A frilled lizard (D:3)
  9 kobolds
  7 rats
133 creatures vanquished.

Vanquished Creatures (others)
  2 fungi
  7 plants
9 creatures vanquished.

Grand Total: 142 creatures vanquished

Notes
Turn   | Place    | Note
-------+----------+-------------------------------------------
     0 | D:1      | cdecastro the Merfolk Gladiator began the quest for the
                  | Orb.
     0 | D:1      | Reached XP level 1. HP: 16/16 MP: 1/1
   141 | D:1      | Reached XP level 2. HP: 22/22 MP: 2/2
   217 | D:1      | Found a faded altar of an unknown god.
   235 | D:1      | Reached skill level 5 in Polearms
   461 | D:1      | Prayed at the altar of an unknown god.
   461 | D:1      | Became a worshipper of Fedhas Madash
   461 | D:1      | Reached * piety under Fedhas
   776 | D:1      | Reached XP level 3. HP: 17/27 MP: 3/3
  1385 | D:2      | Reached ** piety under Fedhas
  1431 | D:2      | Reached skill level 6 in Polearms
  1604 | D:2      | Reached XP level 4. HP: 22/33 MP: 4/4
  1827 | D:3      | Found an ancient bone altar of Kikubaaqudgha.
  2016 | D:3      | Reached skill level 7 in Polearms
  2145 | D:3      | Reached XP level 5. HP: 30/38 MP: 5/5
  2649 | D:4      | Reached skill level 8 in Polearms
  2729 | D:4      | Reached XP level 6. HP: 16/44 MP: 6/6
  3009 | D:4      | Reached *** piety under Fedhas
  3010 | D:4      | Reached skill level 9 in Polearms
  3641 | D:4      | Found a shimmering altar of Xom.
  3786 | D:5      | Entered Level 5 of the Dungeon
  3829 | D:4      | Reached skill level 10 in Polearms
  3954 | D:5      | Reached XP level 7. HP: 49/50 MP: 7/7
  4347 | D:5      | Reached skill level 11 in Polearms
  4591 | D:5      | Found a broken altar of Ashenzari.
  4742 | D:6      | Found a bloodstained altar of Trog.
  4762 | D:5      | Reached skill level 12 in Polearms
  4762 | D:5      | Reached XP level 8. HP: 31/57 MP: 8/8
  4921 | D:6      | Noticed Menkaure
  4933 | D:6      | Killed Menkaure
  5008 | D:6      | Reached skill level 5 in Fighting
  5623 | D:6      | Noticed a hornet
  5635 | D:6      | Killed a hornet
  5648 | D:6      | Reached XP level 9. HP: 60/74 MP: 7/9
  5877 | D:6      | Found a staircase to the Ecumenical Temple.
  5881 | D:6      | Noticed a cyclops
  6812 | D:8      | Noticed an orange demon
  6821 | D:7      | Reached **** piety under Fedhas
  6822 | D:7      | Reached skill level 10 in Fighting
  6867 | D:8      | Found a stormy altar of Qazlal.
  6889 | Abyss:1  | Cast into level 1 of the Abyss (wight)
  6949 | Abyss:1  | Found a hide-covered altar of Uskayaw.
  6949 | Abyss:1  | Gained mutation: You are frail. (-10% HP) [a neqoxec]
  6974 | Abyss:1  | Noticed a smoke demon
  6977 | Abyss:1  | Noticed a lorocyproca
  6982 | Abyss:1  | Slain by a raiju

Illustrated notes

Levels and vault maps discovered:
D:1:      psy_arrival_dodecagon, layout_loops_ring,
          shapermc_ecumenical_altar_ellora, minmay_hexomino_u4
D:2:      layout_rooms, st_stairs_4
D:3:      layout_rooms, lemuel_round_altar
D:4:      layout_loops_ring, kennysheep_mini
D:5:      layout_rooms, amcnicky_altar_gilded
D:6:      layout_layer_cave, trog_ov_bears_minmay,
          minmay_temple_entry_gardened_gates, uniq_menkaure
D:7:      layout_loops_ring, serial_glass, glass_columns_c, glass_columns_c,
          glass_columns_c, glass_columns_a
D:8:      layout_rooms, grunt_temple_overflow_forces_of_nature,
          lair_entry_dummy, uniq_amaemon
Abyss:1:  base:
D:2

Skill      XL: |  1  2  3  4  5  6  7  8  9 |
---------------+----------------------------+-----
Polearms       | 5 6 7 8 10 12 | 12.0
Fighting       | 7 10 | 10.3
Throwing       | |  2.0
Dodging        | |  4.0

Action                   |  1- 3 |  4- 6 |  7- 9 || total
-------------------------+-------+-------+-------++-------
Melee: Trident           |    13 |    21 |    83 ||   117
       Hand axe          |    83 |   156 |   169 ||   408
       Punch             |       |     2 |     5 ||     7
Invok: Wall of Briars    |       |       |     1 ||     1
 Stab: Sleeping          |     1 |       |       ||     1
Armor: Leather armour    |     9 |       |       ||     9
       Ring mail         |    21 |    62 |   104 ||   187
Dodge: Dodged            |    55 |   106 |   146 ||   307
